 Dungeon Crawl Stone Soup version 0.21.0-3-g78d12a8 (webtiles) character file.

554 Monsterracer the Insei (level 7, 0/52 HPs)
             Began as a Demonspawn Transmuter on Jan 14, 2018.
             Slain by an ice beast (4 damage)
             ... on level 5 of the Dungeon.
             The game lasted 00:08:58 (5298 turns).

Monsterracer the Insei (Demonspawn Transmuter)      Turns: 5298, Time: 00:08:59

Health: 0/52       AC:  6    Str: 12    XL:     7   Next: 8%
Magic:  15/19      EV: 12    Int: 15    God:
Gold:   172        SH:  0    Dex: 13    Spells: 0/10 levels left

rFire    . . .     SeeInvis .     - Unarmed
rCold    + . .     Gourm    .   (shield currently unavailable)
rNeg     . . .     Faith    .   b - +1 robe
rPois    .         Spirit   .   (no helmet)
rElec    .         Reflect  .   (no cloak)
rCorr    .         Harm     .   (gloves currently unavailable)
MR       .....                  (no boots)
Stlth    +.........             (no amulet)
HPRegen  0.17/turn              i - ring of magical power
MPRegen  0.16/turn              s - ring of wizardry

@: blade hands (expiring)
A: talons 1, thin metallic scales 2, cold resistance 1, spiny 1
a: End Transformation


You were on level 5 of the Dungeon.
You were not hungry.
You had blades for hands.
You visited 1 branch of the dungeon, and saw 5 of its levels.
You also visited: Ossuary.

You collected 242 gold pieces.
You spent 70 gold pieces at shops.

Inventory:

Missiles
 a - 60 arrows
Armour
 b - a +1 robe (worn)
 f - a +0 ring mail
 p - a +3 chain mail
Jewellery
 i - a ring of magical power (left scythe-like blade)
 s - a ring of wizardry (right scythe-like blade)
Wands
 l - a wand of flame (35)
 m - a wand of iceblast (8)
Scrolls
 e - a scroll of identify
 g - 2 scrolls of magic mapping {!r}
 h - 6 scrolls of teleportation {!r (Tele scrolls), unknown}
 w - 2 scrolls of blinking
Potions
 j - a potion of berserk rage {!q}
 k - a potion of invisibility
 o - 2 potions of lignification
 q - 2 potions of brilliance
 r - a potion of might
 t - a potion of curing
 u - a potion of heal wounds
 v - 2 potions of flight
Books
 d - a book of Changes

   Spells                             Type                      Level
   a - Beastly Appendage              Transmutation                1
   b - Sticks to Snakes               Transmutation                2
   c - Spider Form                    Transmutation/Poison         3
   d - Ice Form                       Ice/Transmutation            4
   e - Blade Hands                    Transmutation                5
Comestibles
 c - 7 rations


   Skills:
 + Level 3.0 Fighting
 - Level 1.7 Dodging
 * Level 6.1 Unarmed Combat
 - Level 2.0 Spellcasting
 + Level 3.5 Transmutations


You couldn't memorise any spells.
You knew the following spells:

 Your Spells              Type           Power        Failure   Level  Hunger
b - Sticks to Snakes      Tmut           ##......     17%         2    ###....
c - Spider Form           Tmut/Pois      #.........   41%         3    ###....
d - Blade Hands           Tmut           ##........   78%         5    ######.


Dungeon Overview and Level Annotations

Branches:
Dungeon (5/15)
 Temple: D:4-7

Altars:
Dithmenos
Fedhas
Nemelex Xobeh
Qazlal
Trog
Uskayaw
Wu Jian
Xom
Zin

Shops:
D:4 !

Annotations:
D:5 Grinder


Innate Abilities, Weirdness & Mutations

You have sharp toenails.
You are mostly covered in thin metallic scales. (AC +3)
Your flesh is cold resistant. (rC+)
You are partially covered in sharp spines.


Message History

You see here a leather armour.
Found a ring mail.
Drop what? 23/52 slots (_ for help) (? for menu, Esc to quit)
You drop 2 potions of degeneration.
Found a shadowy altar of Dithmenos.
Search for what [? for help]? ring You see here a ring mail.
f - a ring mail Wear which item? (? for menu, Esc to quit)
You start removing your armour.
You continue taking off your +3 chain mail. x4
You finish taking off your +3 chain mail.
You start putting on your armour.
You continue putting on your +1 robe. x5
You finish putting on your +1 robe.
Found a glowing silver altar of Zin.
Found a sparkling altar of Nemelex Xobeh.
Casting: Spider Form
Confirm with . or Enter, or press ? or * to list all spells.
Okay, then.
This spell is very dangerous to cast!
Memorise Blade Hands, consuming 5 spell levels and leaving 0?
You start memorising the spell.
You continue memorising. x5
You finish memorising.
Spell assigned to 'd'.
All of the chunks of flesh in your inventory have rotted away.
You are feeling hungry.
You see here 2 potions of degeneration.
You butcher the jackal corpse.
n - 3 chunks of flesh Eating one of 3 chunks of flesh.
You eat one of the 3 chunks of flesh.
This raw flesh tastes terrible.
Found a stone staircase leading up.
h - 6 scrolls labeled YHOJOSK OWUDU {!r (Tele scrolls)} (gained 1)
Found a plate armour.
Okay, then.
Found a hide-covered altar of Uskayaw.
Found a stone staircase leading down.
You now have 164 gold pieces (gained 8).
Found a shimmering altar of Xom.
Found a stormy altar of Qazlal.
Found a blossoming altar of Fedhas.
No target in view!
g - 2 scrolls of magic mapping {!r} (gained 1)
a - 60 arrows (gained 16)
You now have 172 gold pieces (gained 8).
All of the chunks of flesh in your inventory have rotted away.
An ice beast and Grinder come into view.
Grinder shouts!
Found 13 gold pieces.
There are monsters nearby!
Casting: Spider Form
Confirm with . or Enter, or press ? or * to list all spells.
Okay, then.
Grinder gestures at you. Pain shoots through your body!
You take 10 damage, and have 42/52 hp.
Put on which piece of jewellery? (? for menu, Esc to quit)
Okay, then.
Casting: Spider Form
Confirm with . or Enter, or press ? or * to list all spells.
The spell is very dangerous to cast!
Continue anyway? [Y]es or [N]o only, please.
The spell is very dangerous to cast!
Continue anyway?
Your hands turn into razor-sharp scythe blades.
Grinder gestures at you. Pain shoots through your body!
You take 14 damage, and have 28/52 hp.
MASSIVE DAMAGE!!
You now have 14/19 mp.
Grinder is struck by your spines. Grinder hits you.
* * * LOW HITPOINT WARNING * * *
You writhe in agony.
* * * LOW HITPOINT WARNING * * *
You take 5 damage, and have 23/52 hp.
You slash Grinder!
Grinder is moderately wounded.
Grinder says, "FISH!"
Grinder hits you!
* * * LOW HITPOINT WARNING * * *
You take 9 damage, and have 14/52 hp.
You completely miss Grinder.
Grinder is moderately wounded.
Grinder blinks!
You hit Grinder but do no damage.
Grinder is moderately wounded.
The ice beast barely misses you. Grinder gestures at you.
You resist with significant effort.
You completely miss Grinder. You claw Grinder.
Grinder is moderately wounded.
Your transformation is almost over.
The ice beast hits you but does no damage.
Grinder blinks!
You hit the ice beast but do no damage. The ice beast hits you.
* * * LOW HITPOINT WARNING * * *
The ice beast freezes you. You resist.
* * * LOW HITPOINT WARNING * * *
You take 9 damage, and have 6/52 hp.
You hit the ice beast but do no damage.
You slash the ice beast, but do no damage.
The ice beast is struck by your spines. The ice beast hits you.
* * * LOW HITPOINT WARNING * * *
The ice beast freezes you. You resist.
You die...

################
...............#
.#############.######..#
.# #...$.ยง@Y5...# .#
#.#########.## .# .# .#
.# .# .# .#


You could see Grinder and an ice beast.

Vanquished Creatures
  An ogre (D:4)
  A scorpion (D:4)
  2 electric eels (D:4)
  2 crimson imps
  2 hounds
  Natasha (thrice) (D:3 D:4)
  A hound skeleton (D:4)
  A howler monkey skeleton (D:4)
  2 adders
  An ooze (D:4)
  A worm (D:2)
  3 dart slugs
  A leopard gecko (D:4)
  8 orcs
  2 giant cockroaches
  9 goblins
  6 hobgoblins
  11 jackals
  4 kobolds
  2 quokkas
  5 bats
  6 frilled lizards
  A goblin zombie (D:4)
  A leopard gecko skeleton (D:4)
  5 rats
81 creatures vanquished.

Vanquished Creatures (collateral kills)
  A worm (D:2)
1 creature vanquished.

Grand Total: 82 creatures vanquished

Notes
Turn   | Place    | Note
-------+----------+-------------------------------------------
     0 | D:1      | Monsterracer the Demonspawn Transmuter began the quest for the Orb.
     0 | D:1      | Reached XP level 1. HP: 15/15 MP: 3/3
   156 | D:1      | HP: 6/15 [goblin (4)]
   160 | D:1      | Reached skill level 3 in Unarmed Combat
   165 | D:1      | HP: 4/15 [bat (1)]
   438 | D:1      | Gained mutation: You are partially covered in sharp spines. [demonic ancestry]
   438 | D:1      | Reached XP level 2. HP: 21/21 MP: 5/5
   675 | D:1      | HP: 6/21 [hobgoblin/club (5)]
   681 | D:1      | Learned a level 2 spell: Sticks to Snakes
  1230 | D:2      | HP: 8/21 [worm (7)]
  1424 | D:2      | Found a bloodstained altar of Trog.
  1627 | D:2      | Gained mutation: You are partially covered in thin metallic scales. (AC +2) [demonic ancestry]
  1627 | D:2      | Reached XP level 3. HP: 26/26 MP: 6/6
  1690 | D:2      | Learned a level 3 spell: Spider Form
  1694 | D:2      | Reached skill level 4 in Unarmed Combat
  1746 | D:2      | HP: 13/26 [poisoned by an adder]
  1754 | D:2      | HP: 12/26 [poisoned by an adder]
  2317 | D:3      | HP: 13/26 [adder (3)]
  2324 | D:3      | HP: 9/26 [poisoned by an adder]
  2330 | D:3      | HP: 8/26 [poisoned by an adder]
  2337 | D:3      | HP: 6/26 [poisoned by an adder]
  2614 | D:3      | Noticed Natasha
  2622 | D:3      | HP: 5/26 [white imp/puff of frost[Natasha] (9)]
  2623 | D:3      | Killed Natasha
  2623 | D:3      | Reached XP level 4. HP: 7/32 MP: 7/7
  2932 | D:3      | Found an ornate altar of the Wu Jian Council.
  2982 | D:3      | HP: 16/32 [goblin/dagger (1)]
  2988 | D:3      | HP: 15/32 [jackal (2)]
  2992 | D:3      | HP: 7/32 [jackal (3)]
  3687 | D:4      | HP: 16/32 [crimson imp (1)]
  3692 | D:4      | HP: 8/32 [hound (3)]
  3695 | D:4      | Gained mutation: You are mostly covered in thin metallic scales. (AC +3) [demonic ancestry]
  3695 | D:4      | Reached XP level 5. HP: 8/37 MP: 1/8
  3711 | D:4      | HP: 6/37 [crimson imp (4)]
  3716 | D:4      | Reached skill level 5 in Unarmed Combat
  3853 | D:4      | Found Seiqeod's Distillery.
  3874 | D:4      | Noticed Natasha
  3885 | D:4      | Killed Natasha
  3888 | D:4      | Bought a potion of heal wounds for 70 gold pieces
  3939 | D:4      | Found a transporter.
  3959 | D:4      | Gained mutation: You have sharp toenails. [demonic ancestry]
  3959 | D:4      | Reached XP level 6. HP: 29/44 MP: 9/9
  3978 | D:4      | Found a sand-covered staircase.
  4059 | Ossuary  | Entered an ossuary
  4204 | D:4      | Found a transporter.
  4250 | D:4      | Noticed Natasha
  4259 | D:4      | Killed Natasha
  4873 | D:5      | Entered Level 5 of the Dungeon
  4886 | D:5      | Reached skill level 6 in Unarmed Combat
  4886 | D:5      | Gained mutation: Your flesh is cold resistant. (rC+) [demonic ancestry]
  4886 | D:5      | Reached XP level 7. HP: 45/52 MP: 10/10
  5084 | D:5      | Found a shadowy altar of Dithmenos.
  5109 | D:5      | Found a glowing silver altar of Zin.
  5112 | D:5      | Found a sparkling altar of Nemelex Xobeh.
  5119 | D:5      | Learned a level 5 spell: Blade Hands
  5197 | D:5      | Found a hide-covered altar of Uskayaw.
  5200 | D:5      | Found a shimmering altar of Xom.
  5208 | D:5      | Found a stormy altar of Qazlal.
  5210 | D:5      | Found a blossoming altar of Fedhas.
  5288 | D:5      | Noticed Grinder
  5291 | D:5      | HP: 26/52 [Grinder (2)]
  5297 | D:5      | HP: 12/52 [ice beast (3)]
  5298 | D:5      | HP: 4/52 [ice beast (2)]
  5298 | D:5      | Slain by an ice beast

Skill      XL: |  1  2  3  4  5  6 |
---------------+-------------------+-----
Unarmed Combat | 3 4 5 6 |  6.1
Transmutations | 2 3 |  3.5
Fighting       | 2 3 |  3.0
Dodging        | |  1.7
Spellcasting   | |  2.0

Action                   |  1- 3 |  4- 6 |  7- 9 || total
-------------------------+-------+-------+-------++-------
Melee: Unarmed           |   109 |   133 |    21 ||   263
       Kick              |     1 |     1 |     1 ||     3
       Headbutt          |     1 |       |       ||     1
       Punch             |     1 |     5 |     1 ||     7
 Cast: Beastly Appendage |     3 |       |       ||     3
       Sticks to Snakes  |     3 |     2 |       ||     5
       Spider Form       |     1 |     9 |       ||    10
       Blade Hands       |       |       |     1 ||     1
Evoke: Wand              |       |     2 |       ||     2
  Use: Scroll            |       |    13 |     2 ||    15
 Stab: Sleeping          |     1 |     2 |       ||     3
  Eat: Chunk             |     4 |     8 |     1 ||    13
       Ration            |       |     1 |       ||     1
Armor: Robe              |    14 |    26 |     2 ||    42
       Skin              |     1 |     2 |       ||     3
Dodge: Dodged            |    58 |   108 |     6 ||   172

Vault maps used:
D:1:      eino_arrival_water_cross
D:2:      old_standard_altar, first_ration
D:3:      overflow_temple_1_default, st_stairs_5, uniq_natasha
D:4:      gammafunk_steamed_eel, enter_ossuary_3, serial_shops, shop
D:5:      grunt_temple_overflow_magic_moments,
          grunt_temple_overflow_forces_of_nature,
          nicolae_overflow_hidden_temple, grunt_decor_cap,
          nemelex_diamond_rough_becter, uniq_grinder
Ossuary:  ossuary_minmay_tomb_2a
